AoeStats
← saschauli

Arena

510825562Analyzed
1v1 RM · 15h ago on Oct 2, 2026· 20m 56s· 2 players
Game mode
Random Map
Map size
Tiny (2 player)
Population
200
Speed
Normal
Resources
Standard
Victory
Conquest
Starting age
Dark Age
Ending age
Imperial Age
RankedLock teamsTeams togetherTeam positionsShared explorationLock speedFull tech treeHidden civsTurbo modeCheats
Victory
Defeat
🇱🇰 Varangians · Sri Lanka
954
+16
🇩🇪 Poles · Germany
948
-16
saschauli
12:41 Feudal Age
13:18 Double-Bit Axe
13:17 Horse Collar
13:30 Stone Mining
19:28 Castle Age
17:31 Gold Mining
xnahfmxv
10:24 Feudal Age
13:01 Wheelbarrow
14:53 Castle Age
12:41 Double-Bit Axe
12:55 Loom
14:15 Horse Collar
17:43 Bow Saw
18:15 Gold Mining
Connection lost

Rejoining the realm…

Still unreachable

The connection could not be restored.

Session expired

The server has moved on; the page needs a fresh start.